[Event "GER-ch Youth-ODJM 2022 A"]
[Site "Willingen"]
[Date "2022.06.08"]
[Round "6.15"]
[White "Zha, Kevin"]
[Black "Hofmann, Lorenz"]
[Result "0-1"]
[ECO "B12"]
[WhiteElo "1835"]
[BlackElo "2056"]
[Annotator "TA"]
[PlyCount "58"]
[EventDate "2022.06.05"]
[EventType "swiss"]
[EventRounds "9"]
[EventCountry "GER"]
[SourceTitle "playchess.com"]
[Source "ChessBase"]
[SourceQuality "1"]
[TimeControl "40/4500+30:900+30"]

1. e4 c6 2. d4 d5 3. f3 Nf6 4. Nc3 e6 5. Bg5 Be7 6. Qd2 {[%emt 0:00:00] B12: Caro-Kann: Advance Variation.} b5 {[%emt 0:00:00][%cal Bb7b5,Bb5b4][%mdl 32] [#]} 7. Bd3 $146 ({Predecessor:} 7. e5 Nfd7 8. Bxe7 Qxe7 9. Nd1 a5 10. a3 Nb6 11. b3 N8d7 12. f4 b4 13. axb4 axb4 14. Rxa8 Nxa8 {1-0 (38) Gschnitzer,A (2211)-Lelumees,B (2124) Deizisau 2016}) 7... a5 8. Nge2 {[%emt 0:04:19] The position is equal.} b4 9. Nd1 Ba6 10. Ne3 Qb6 11. c4 {[%emt 0:05:33] [#]} (11. e5 $11 Bxd3 12. Qxd3) 11... Nxe4 $1 12. fxe4 {[%emt 0:11:55] Bxe7 is the strong threat.} Bxg5 13. c5 Qd8 {[%emt 0:00:55] White must now prevent ...dxe4.} 14. exd5 exd5 ({Worse is} 14... cxd5 15. Bxa6 Rxa6 16. O-O $15) 15. O-O O-O 16. Nf4 g6 17. Ng4 Nd7 ({Black should try} 17... Bxd3 $17 18. Qxd3 Nd7) 18. Rf3 {[%emt 0:10:46] This move loses the game for White.} (18. Bxa6 $15 Rxa6 19. Rae1) 18... f5 $19 19. Nf2 Re8 20. N2h3 (20. Bxa6 $17 {was worth a try.} Rxa6 21. Re3) 20... Bh6 21. Re1 Bxd3 22. Rxd3 Re4 23. Rxe4 $2 {[%emt 0:04:19] [#]} (23. g3) 23... dxe4 {[%emt 0:00:29] Black is clearly winning.} (23... fxe4 $2 {loses.} 24. Re3 $19) 24. Rg3 Nf6 25. Qd1 Ng4 26. d5 cxd5 27. Nxd5 Rc8 28. Rxg4 Rxc5 29. Rxe4 fxe4 {[%emt 0:00:33] Weighted Error Value: White=0.81/Black=0.20 (precise)} 0-1

[Event "GER-ch Youth-ODJM 2022 A"]
[Site "Willingen"]
[Date "2022.06.08"]
[Round "6.16"]
[White "Pick, Max"]
[Black "Koll, Linus"]
[Result "0-1"]
[ECO "D02"]
[WhiteElo "1841"]
[BlackElo "1989"]
[Annotator "TA"]
[PlyCount "76"]
[EventDate "2022.06.05"]
[EventType "swiss"]
[EventRounds "9"]
[EventCountry "GER"]
[SourceTitle "playchess.com"]
[Source "ChessBase"]
[SourceQuality "1"]
[TimeControl "40/4500+30:900+30"]

1. d4 Nf6 2. Nf3 d5 3. Bf4 c5 4. e3 Nc6 5. c3 Qb6 6. Qb3 c4 7. Qxb6 axb6 8. Na3 Bf5 9. Nh4 {[%emt 0:00:00] D02: 1 d4 d5 2 Nf3 sidelines, including 2...Nf6 3 g3 and 2...Nf6 3 Bf4.} Bg4 {[%emt 0:05:13][%cal Oe7e5] [#]} (9... Bg6 $5) 10. f3 $146 (10. h3 $5 Bd7 11. Nb5 $11) ({Predecessor:} 10. Nb5 Ra5 11. a4 Na7 12. Nc7+ Kd8 13. h3 Bd7 14. Na8 Ra6 15. Nf3 Ne8 16. Ng5 Be6 {0-1 (42) Nicolau,L-Bernardino,Z Brazil CXEB 1994}) 10... Be6 ({Black should try} 10... Bd7 $15) 11. g4 {[%emt 0:02:03] White is slightly better.} h6 12. Bg3 (12. Nb5 $5 Kd7 13. Nc7 $14) 12... g5 13. Nf5 h5 14. Be2 $1 (14. Nb5 $2 Ra5 15. Nc7+ Kd8 $17) 14... hxg4 15. fxg4 Ne4 $36 {[%emt 0:00:21][%mdl 2048] ...Bxf5 is the strong threat. Black has good play.} 16. O-O Nxc3 (16... Nxg3 17. Nxg3 Rh4 18. e4 $14) 17. bxc3 (17. Bf3 $11 {was the only way to keep the balance.}) 17... Rxa3 $17 18. Rfb1 (18. Be1 $142) 18... Rxc3 $19 {[%emt 0:06:36] And now ...Bxf5 would win.} 19. Kf2 Bxf5 20. gxf5 Bg7 (20... Rc2 21. Rxb6 e6 22. Kf1 $17) 21. Rxb6 {[%emt 0:01:05] [#]} Rxe3 $3 22. Rxc6 Rxe2+ (22... Bxd4 23. Rc8+ Kd7 24. Rxh8 Ra3+ 25. Kf1 Bxh8 26. Rb1 $11) 23. Kxe2 bxc6 {[%emt 0:00:02][%mdl 4096] Endgame KRB-KRB} 24. Rb1 {[%emt 0:01:49] [#]} O-O $1 ({Inferior is} 24... Bxd4 25. Rb8+ Kd7 26. Rb7+ Ke8 27. Rb8+ Kd7 28. Rb7+ Ke8 29. Rb8+ Kd7 $11) 25. Ke3 e6 (25... Ra8 $2 26. Rb8+ Rxb8 27. Bxb8 $19) 26. fxe6 {[%emt 0:03:51] Black must now prevent e7.} f5 {[%emt 0:00:34][%cal Bf7f5,Bf5f4][%mdl 32] Hoping for ...f4+.} ({Wrong is} 26... fxe6 $2 27. a4 $17) 27. Be5 f4+ 28. Kf3 Re8 29. Rg1 Bh6 ({Don't play} 29... Rxe6 30. Rxg5 Rxe5 31. dxe5 $18) (29... Bxe5 $19 30. dxe5 Kf8 31. Rxg5 d4) 30. Bxf4 $2 {[%emt 0:07:35][%mdl 8192] [#]} (30. h4 $11) 30... Rf8 $1 31. Kg4 gxf4 {[%emt 0:01:22] KRB-KR} 32. Kh5+ Bg7 {[%emt 0:00:08] aiming for ...f3.} 33. a4 f3 {[%emt 0:00:56] Black mates.} 34. e7 Re8 35. Rf1 Rxe7 36. Rxf3 Bxd4 37. a5 c3 38. Rf1 Be3 {[%emt 0:00:10] Weighted Error Value: White=0.71/Black=0.24 (precise)} 0-1

[Event "GER-ch Youth-ODJM 2022 A"]
[Site "Willingen"]
[Date "2022.06.08"]
[Round "6.17"]
[White "Sabirov, Rafael"]
[Black "Metzinger, Hannes"]
[Result "1/2-1/2"]
[ECO "B23"]
[WhiteElo "1704"]
[BlackElo "1845"]
[Annotator "NA RC COMBH"]
[PlyCount "56"]
[EventDate "2022.06.05"]
[EventType "swiss"]
[EventRounds "9"]
[EventCountry "GER"]
[SourceTitle "playchess.com"]
[Source "ChessBase"]
[SourceQuality "1"]
[TimeControl "40/4500+30:900+30"]

1. e4 c5 2. Nc3 d6 3. f4 g6 4. Nf3 Bg7 5. Bc4 Nc6 6. O-O e6 7. d3 Nge7 8. Qe1 O-O 9. a3 d5 10. Bb3 b5 11. Nxb5 Qb6 12. Ba4 Qa6 13. Nc7 Qxa4 14. Nxa8 Qxc2 15. Qd1 Qxd1 16. Rxd1 Bb7 17. Nc7 a6 18. f5 Nd4 19. Bg5 Nec6 20. f6 Bh8 21. exd5 Nxf3+ 22. gxf3 Nd4 23. Kf2 Rc8 24. d6 h6 25. Be3 Bxf6 26. Rac1 Rd8 27. Rxc5 Rxd6 28. Bf4 Bh4+ 1/2-1/2

[Event "GER-ch Youth-ODJM 2022 A"]
[Site "Willingen"]
[Date "2022.06.08"]
[Round "6.18"]
[White "Kotyk, Michael"]
[Black "Paeslack, Luis"]
[Result "1-0"]
[ECO "E46"]
[WhiteElo "2197"]
[BlackElo "1889"]
[Annotator "TA"]
[PlyCount "81"]
[EventDate "2022.06.05"]
[EventType "swiss"]
[EventRounds "9"]
[EventCountry "GER"]
[SourceTitle "playchess.com"]
[Source "ChessBase"]
[SourceQuality "1"]
[TimeControl "40/4500+30:900+30"]

1. d4 Nf6 2. c4 e6 3. Nc3 Bb4 4. e3 O-O 5. Nge2 Re8 6. a3 Bf8 7. e4 d5 $1 {[%emt 0:00:00] E46: Nimzo-Indian: Rubinstein: 4 e3 0-0 5 Ne2 without early Bd3.} 8. e5 Nfd7 9. cxd5 exd5 {[%emt 0:00:00] The position is equal.} 10. f4 c5 11. Be3 Nc6 (11... Nb6 {is interesting.} 12. dxc5 Nc4 13. Bg1 Nc6) 12. dxc5 (12. Nxd5 cxd4 13. Nxd4 Ndxe5 $1 14. fxe5 Qxd5 15. Nxc6 Qxc6 $17) 12... Bxc5 13. Bxc5 (13. Nxd5 Ncxe5 14. fxe5 Qh4+ 15. Ng3 (15. g3 Qe4 $17) 15... Rxe5 $15) 13... Nxc5 14. b4 Ne4 {[%emt 0:08:25] [#]} 15. Qxd5 $146 ({Predecessor:} 15. Nxe4 dxe4 16. Qxd8 Rxd8 17. Ng3 Nd4 18. Rc1 Be6 19. Kf2 a5 20. b5 Rac8 21. Rxc8 Rxc8 {1-0 (42) Kotyk,M (2170)-Fischer,D (2367) Hamburg 2022}) 15... Nxc3 16. Qxd8 (16. Nxc3 Nxe5 $1 17. fxe5 (17. Qxd8 Nd3+ 18. Kd2 Rxd8 $17) 17... Qxd5 18. Nxd5 Rxe5+ 19. Be2 Rxd5 $15) 16... Rxd8 17. Nxc3 Nd4 {[%emt 0:16:57] Hoping for ...Nc2+.} 18. Rc1 {[%emt 0:07:33] Against Nc2+} Bf5 19. Be2 (19. Nb5 $5 ) 19... Nc2+ (19... Rdc8 $11 {remains equal.}) 20. Kf2 $16 {[%emt 0:00:55] aiming for g4. White now steadily converts the win.} h5 {[%emt 0:03:35] Inhibits g4.} (20... Nxa3 $16 21. Rhd1 a6) 21. Nb5 $1 $18 {[%emt 0:03:44] Strongly threatening Rhd1.} ({But not} 21. Bxh5 $6 Rd2+ 22. Be2 Nxa3 $16) 21... Rd2 (21... Nd4 $142) 22. Rhd1 Rad8 23. Nd6 ({Wrong is} 23. Nxa7 $2 Rxe2+ $1 24. Kxe2 Bg4+ 25. Kf1 Bxd1 $19) 23... Rxe2+ 24. Kxe2 Bg4+ 25. Kf2 Bxd1 26. Rxd1 Nxa3 {[%emt 0:00:13][%mdl 4096] Endgame KRN-KRN} 27. Ra1 Nc2 28. Rxa7 Nxb4 29. Rxb7 Nd5 30. Kf3 Rf8 $2 (30... f6 31. Ke4 Nc3+ 32. Kf5 Kh7) 31. Ke4 Nc3+ 32. Kf5 Nd5 33. Ke4 {[%emt 0:02:38] Prevents Ne3.} (33. g3 $142) 33... Nc3+ 34. Kd4 Ne2+ {[%emt 0:00:22] [#]} 35. Ke3 $1 Nc3 36. Rb3 Na4 (36... Nd5+ $142 37. Ke4 Nc7) 37. Kd4 {[%emt 0:01:44] White is clearly winning.} g6 38. Kc4 Ra8 39. g3 Ra7 40. Kb5 Ra6 41. Ra3 {[%emt 0:15:36] Weighted Error Value: White=0.28 (precise) /Black=0.43} ({Not} 41. Kxa6 Nc5+ 42. Kb5 Nxb3 $16) 1-0

[Event "GER-ch Youth-ODJM 2022 A"]
[Site "Willingen"]
[Date "2022.06.08"]
[Round "6.19"]
[White "Bartelt, Max Peter"]
[Black "Nguyen, Phuc Nhat"]
[Result "0-1"]
[ECO "A45"]
[WhiteElo "1959"]
[BlackElo "1809"]
[Annotator "TA"]
[PlyCount "70"]
[EventDate "2022.06.05"]
[EventType "swiss"]
[EventRounds "9"]
[EventCountry "GER"]
[SourceTitle "playchess.com"]
[Source "ChessBase"]
[SourceQuality "1"]
[TimeControl "40/4500+30:900+30"]

1. d4 Nf6 2. Bg5 d5 3. Bxf6 gxf6 4. Nc3 e6 5. e3 c5 6. Qh5 {[%emt 0:00:00] D00: 1 d4 d5: Unusual lines.} cxd4 7. exd4 Nc6 8. O-O-O {[%emt 0:00:00] The position is equal.} Bb4 9. Nge2 Bd7 10. f4 f5 11. g4 fxg4 12. f5 Rg8 {[%emt 0:00:00] White must now prevent ...Qg5+.} 13. h4 {[%emt 0:00:00] Against Qg5+} Qa5 (13... exf5 14. Qxh7 Rf8 15. Re1 $11) 14. Bg2 {[%emt 0:00:00] [#]} (14. fxe6 $11 {keeps the balance.} Bxe6 15. Qxh7) 14... O-O-O $146 ({But not} 14... exf5 $6 15. Bxd5 O-O-O 16. a3 $15) (14... Bxc3 $6 15. Nxc3 O-O-O 16. Qxh7 $11) ({Predecessor:} 14... Ne7 15. Qxh7 O-O-O 16. fxe6 Bxe6 17. Rdf1 Kb8 18. Qd3 Nc6 19. a3 Bf8 20. Nb5 a6 {1-0 (41) Portisch,G (2265)-Horvath,T (2410) Zalakaros 1995}) 15. a3 Bxc3 16. Nxc3 Ne7 (16... Qc7 {feels hotter.} 17. Qxf7 Qf4+ 18. Kb1 Rdf8) 17. fxe6 Bxe6 (17... fxe6 $17 {Hoping for ...Nf5.} 18. Be4 Rdf8) 18. Rhf1 {[%emt 0:02:02] Inhibits Nf5.} Ng6 ({Black should play} 18... Qc7 $17) 19. Qg5 (19. Be4 $5) 19... h5 20. Rf6 Qc7 ({Black should try} 20... Kb8 $15 21. Qxh5 Qc7) 21. Nxd5 $2 {[%emt 0:04:09][%mdl 8192] Now White is beyond hope.} (21. Bxd5 $14 {was forced to keep a grip.} Ne7 22. Bxe6+ fxe6 23. Qxh5) 21... Bxd5 $19 22. Bxd5 Ne7 $1 23. Bxb7+ Qxb7 24. Qc5+ Qc7 25. Qb5 (25. Qxh5 g3 26. Rxf7) 25... g3 26. Rf3 {[%emt 0:02:55] Threatens to win with Rc3.} Nd5 {[%emt 0:01:41] Prevents Rc3.} 27. Rb3 {[%emt 0:01:13] aiming for Qa6+.} Rd7 28. Qa6+ (28. Rg1 $142 g2 29. Kb1) 28... Kd8 29. Rb5 Rg6 30. Qa4 g2 31. Rc5 {[%emt 0:02:55] [#]} g1=Q $1 {[%emt 0:03:39][%cal Og1d1] ( -> ...Qxd1+!)} 32. Rxc7 Qe3+ (32... Kxc7 $2 {perishes.} 33. Qxa7+ Kd6 34. Qb8+ Rc7 35. Rxg1 Rxg1+ 36. Kd2 Rg2+ 37. Kd3 $17) 33. Kb1 Rxc7 34. Qb5 {[%emt 0:00:05] [#]} Nc3+ $1 35. bxc3 Rb6 {[%emt 0:00:04] Weighted Error Value: White=1.02/Black=0.14 (very precise)} 0-1

[Event "GER-ch Youth-ODJM 2022 A"]
[Site "Willingen"]
[Date "2022.06.08"]
[Round "6.20"]
[White "Kliashtornyi, Arkadii"]
[Black "Frohnhäuser, Simon"]
[Result "1/2-1/2"]
[ECO "E18"]
[WhiteElo "1755"]
[BlackElo "1944"]
[Annotator "TA"]
[PlyCount "136"]
[EventDate "2022.06.05"]
[EventType "swiss"]
[EventRounds "9"]
[EventCountry "GER"]
[SourceTitle "playchess.com"]
[Source "ChessBase"]
[SourceQuality "1"]
[TimeControl "40/4500+30:900+30"]

1. d4 e6 2. Nf3 Nf6 3. g3 b6 4. Bg2 Bb7 5. O-O Be7 6. c4 O-O 7. Nc3 d6 8. Qc2 Nbd7 9. e4 e5 10. Rd1 Qe8 {[%emt 0:00:00] E18: Queen's Indian: Old Main Line (4 g3 Bb7 5 Bg2 Be7 6 0-0 0-0 7 Nc3).} 11. h3 {[%emt 0:13:36] [#]} Bd8 $146 ({Predecessor:} 11... a5 12. Be3 h6 13. Nh4 Nh7 14. Nf5 Bd8 15. b3 Ng5 16. dxe5 dxe5 17. a3 Ne6 {1-0 (32) Shaydullina,S (2293)-Zemlianukhina,V (2063) Sochi 2006}) 12. Be3 c6 ({Black should try} 12... Be7) 13. Rd2 {[%emt 0:06:55] White is more active.} Rc8 14. dxe5 (14. Nh4 $142) 14... Nxe5 $16 15. Nxe5 (15. Rxd6 Nxc4 16. Rd3 Nxe3 17. Rxe3 Be7 $11) 15... dxe5 16. Rad1 Bc7 17. b3 h6 18. c5 Qe7 19. cxb6 Bxb6 20. Bxb6 axb6 21. Rd6 Ba8 22. Na4 {[%emt 0:00:49] [#]} (22. Qe2 $11 {remains equal.}) 22... Rb8 (22... Nd5 $1 $17 23. Qb2 (23. exd5 $2 cxd5 24. Rd7 Qxd7 $19) (23. Qd3 Qxd6) 23... Qxd6 24. Nxb6 Rb8 25. Nxa8 Rxa8 26. exd5 f5) 23. Qd2 Nd5 24. exd5 Qxd6 25. dxc6 Qxd2 26. Rxd2 Rfc8 27. Rc2 Rc7 28. b4 b5 29. Nc5 (29. Nb2 $2 Rbc8 30. Rc5 Bxc6 31. Rxe5 f6 $19) (29. Nc3 $1 $11 {and White is okay.} Kf8 30. a4 bxa4 31. b5) 29... Rb6 $2 ({Reject} 29... Bxc6 $6 30. Na6 Bxg2 31. Rxc7 $11) (29... Rbc8 $19 30. a4 Bxc6) 30. Nd7 $14 Ra6 31. Nxe5 Ra4 (31... f6 $14 32. Ng6 (32. Bd5+ Kh7 $14) 32... Kf7) 32. Nd3 ({Better is} 32. Rd2 $16) 32... Kf8 (32... g5 $14) 33. Nc5 ({White should play} 33. Kh2 $16) 33... Rxb4 $11 34. Na6 Rb1+ 35. Kh2 Rc8 36. Nb8 Ke7 (36... Rxb8 $5 37. c7 Rc8 38. Bxa8 Rxa8 39. c8=Q+ Rxc8 40. Rxc8+ Ke7 $11) 37. Nd7 Rc7 38. Nb6 {[%emt 0:00:14][%mdl 64] Trapped Piece} Bxc6 {[%emt 0:00:33] And now ...Kd6 would win.} 39. Rxc6 ({Much weaker is} 39. Bxc6 Kd6 40. Be4 Rxc2 41. Bxc2 Rb2 $17) 39... Rxc6 40. Bxc6 Rb2 {[%emt 0:00:22][%csl LRa2,LRf2] ...Kd6 is the strong threat.} 41. Bd5 $2 (41. Kg1 $11 {and White has nothing to worry.}) 41... Rxf2+ 42. Kg1 Rf6 {[%emt 0:00:00][%mdl 1024] Black has strong compensation.} 43. Nc8+ Kd7 44. Na7 b4 45. Nb5 {[%emt 0:00:00] [#]} Rb6 (45... Rg6 $1 $17 46. Kg2 Rg5) 46. a4 $1 bxa3 47. Nxa3 Ke7 48. Nc2 Rb1+ 49. Kf2 Rb2 {[%emt 0:00:00] aiming for ...f5.} 50. Be4 g6 51. g4 Ke6 52. Kf3 Ke5 53. Bd3 {The position is equal.} Rb3 54. Ke3 f5 55. gxf5 gxf5 56. Ne1 f4+ 57. Kf2 Rb2+ 58. Be2 {[%emt 0:00:43] Hoping for Nd3+.} Ke4 59. Nf3 Ra2 60. Ne1 h5 61. Nf3 Ra3 62. Bd1 Rc3 63. Be2 Rc8 64. h4 Rc2 65. Ng5+ Kf5 66. Nf3 {[%emt 0:00:01] Black must now prevent Nd4+.} Ra2 67. Nd4+ Kg6 68. Nf3 Rb2 {[%emt 0:00:25] Weighted Error Value: White=0.24 (precise) /Black=0.24 (precise)} 1/2-1/2

[Event "GER-ch Youth-ODJM 2022 A"]
[Site "Willingen"]
[Date "2022.06.08"]
[Round "6.21"]
[White "Fuchs, Florian"]
[Black "Kesselmeier, Kevin"]
[Result "1-0"]
[ECO "B54"]
[WhiteElo "2320"]
[BlackElo "1927"]
[Annotator "TA"]
[PlyCount "53"]
[EventDate "2022.06.05"]
[EventType "swiss"]
[EventRounds "9"]
[EventCountry "GER"]
[SourceTitle "playchess.com"]
[Source "ChessBase"]
[SourceQuality "1"]
[TimeControl "40/4500+30:900+30"]

1. e4 c5 2. Nf3 d6 3. d4 cxd4 4. Nxd4 Nf6 5. f3 a6 6. c4 e6 7. Nc3 Be7 8. Be3 O-O 9. Be2 b6 10. O-O Bb7 11. a4 {[%emt 0:00:00] [#] A31: Symmetrical English: 2 Nf3 Nf6 3 d4.} a5 $146 ({Predecessor:} 11... Nbd7 12. a5 bxa5 13. Nb3 a4 14. Rxa4 Qc7 15. Na5 Rfb8 16. b4 Ne5 17. Qd2 Bc8 18. Rb1 Nfd7 19. f4 Nc6 20. Nxc6 Qxc6 21. b5 {1-0 (44) Savchenko,B (2551)-Martinez Alcantara,J (2620) Chess.com INT 2020}) 12. Ndb5 Na6 13. Qe1 {[%emt 0:04:43] White is better.} Nd7 14. Rd1 Qb8 15. Qg3 {[%emt 0:04:13] 0x0.001e61f51a9ddp-1022s more active pieces.} Ne5 (15... Nf6 $16) 16. f4 $18 ({Less strong is} 16. Bxb6 Bxe4 17. Ba7 (17. Bxa5 Bc2 $14) 17... Rxa7 18. Nxe4 Rd7 $14) 16... Nd7 17. e5 ({Don't play} 17. Bd4 $6 e5 $16) 17... d5 $2 {[%emt 0:04:54] [#]} (17... f5 18. Rfe1 (18. exd6 Bf6 $18) 18... Rd8) 18. cxd5 exd5 19. Nxd5 Bxd5 20. Rxd5 Rd8 21. Rfd1 Ndc5 22. Rxd8+ Bxd8 23. Bf3 Nb4 24. Bxa8 Qxa8 25. Bxc5 bxc5 26. Qf3 Qc8 {[%emt 0:04:12] [#]} 27. Qb7 $3 {[%emt 0:00:09][%mdl 512] Black did not feel at home in the position after the opening.  Weighted Error Value: White=0.04 (flawless) /Black=1.05} 1-0

[Event "GER-ch Youth-ODJM 2022 A"]
[Site "Willingen"]
[Date "2022.06.08"]
[Round "6.22"]
[White "Schwartz, Oliver"]
[Black "Gallasch, Robin"]
[Result "1/2-1/2"]
[ECO "D31"]
[WhiteElo "1753"]
[BlackElo "2063"]
[Annotator "TA"]
[PlyCount "115"]
[EventDate "2022.06.05"]
[EventType "swiss"]
[EventRounds "9"]
[EventCountry "GER"]
[SourceTitle "playchess.com"]
[Source "ChessBase"]
[SourceQuality "1"]
[TimeControl "40/4500+30:900+30"]

1. d4 d5 2. c4 e6 3. Nc3 a6 4. Qb3 dxc4 5. Qxc4 b5 6. Qd3 {[%emt 0:00:00] D31: Queen's Gambit Declined: Semi-Slav without ...Nf6 (+ Marshall Gambit and Noteboom) and Exchange Variation lines without ...Nf6.} Bb7 7. Nf3 {[%emt 0:00:00] [#]} Nf6 $146 ({Predecessor:} 7... c5 8. e4 Nc6 9. Be3 cxd4 10. Nxd4 Ne5 11. Qd1 Bb4 12. Qb3 Bxc3+ 13. bxc3 Bxe4 {0-1 (31) Fernandez,M (2229)-Zawadzka,J (2426) Warsaw 2021}) 8. Bg5 {[%emt 0:01:24] Black is slightly better.} b4 9. Na4 Qd5 10. b3 Nbd7 11. Rc1 Bd6 12. e3 (12. Bxf6 $11 gxf6 13. e3) 12... Ne4 $1 $15 13. Bh4 O-O 14. Qc2 (14. Nd2 $11 {keeps the balance.}) 14... Qh5 $17 15. Be2 Qg6 (15... g5 $17 {And now ...g4 would win.} 16. Nc5 Bxc5 17. dxc5 Bd5) 16. Bg3 Rac8 (16... c5 $5) 17. Bd3 {[%emt 0:02:52] Black must now prevent Ne5.} f5 18. O-O Nxg3 19. hxg3 Nf6 ({Don't take} 19... c5 20. Qe2 $16) 20. Nc5 Bxc5 ({Black should try} 20... Bd5 $1 $14) 21. Qxc5 Qh6 22. Qxb4 Rb8 (22... Be4 {was called for.}) 23. Qe7 $18 Rfe8 24. Qxc7 Ng4 25. Qf4 Qh5 {[%emt 0:02:40] Strongly threatening ...Bxf3.} 26. Qg5 Qf7 27. Rc5 h6 28. Qh4 g5 29. Qh3 Rbc8 30. Ne5 Nxe5 31. Rxe5 Kg7 32. g4 Rc3 33. Bc4 f4 34. Qh5 Qxh5 35. gxh5 Rc2 36. exf4 gxf4 37. Rxe6 Rxe6 38. Bxe6 {[%emt 0:00:04][%mdl 4096] Endgame KRB-KRB} Kf6 39. Re1 Rxa2 40. Bc4 Rd2 (40... Bc8 {might work better.} 41. Re4 Kg5 42. Re5+ Kh4) 41. Re6+ Kg5 42. Bxa6 $2 (42. Rg6+ $18 Kf5 43. Be6+ (43. Bxa6 Bxa6 44. Rxa6 Rxd4 $18) 43... Ke4 44. Rxh6 Kxd4 45. Bg4) 42... Bxa6 $16 43. Rxa6 Kxh5 $18 {[%emt 0:01:13] KR-KR} (43... Rxd4 $16 {is a better defense.} 44. Ra5+ Kg4) 44. Ra4 Kg4 (44... Rd3 $16 45. Rb4 Rd1+ 46. Kh2 Rd3) 45. Rc4 $1 h5 {[%emt 0:00:00] [#]} (45... f3 $142 46. d5+ Kf5) 46. b4 $1 h4 47. b5 {[%emt 0:00:00] Rb4 is the strong threat.} Rb2 {[%emt 0:00:00] [#] Prevents Rb4.} 48. Rc5 (48. Rc8 $1 $18 ) 48... h3 $1 $11 {[%emt 0:00:00] The position is equal.} 49. d5 hxg2 {[%emt 0:00:00][%mdl 64] Remove Defender} 50. Kxg2 {[%emt 0:00:05] aiming for Rc4.} f3+ 51. Kg1 {[%emt 0:00:17] Threatens to win with d6.} Kh3 {[%emt 0:00:00] ( -> ...Rb1+)} 52. Rc1 {[%emt 0:00:04] Against Rb1. White wants to play d6.} Rxb5 53. Rd1 {[%emt 0:00:05] next Kf1 is good for White.} Rb7 54. d6 {[%emt 0:00:23] White threatens d7 and mate.} Rd7 55. Rd3 Kg4 56. Kf1 Kf4 57. Ke1 Ke5 58. Kd2 {[%emt 0:00:39] Blacks defense is rewarded with a draw.  Weighted Error Value: White=0.26 (precise) /Black=0.25 (precise)} 1/2-1/2

[Event "GER-ch Youth-ODJM 2022 A"]
[Site "Willingen"]
[Date "2022.06.09"]
[Round "7.1"]
[White "Roth, Jonas"]
[Black "Schöne, Finn"]
[Result "1-0"]
[ECO "D53"]
[WhiteElo "1239"]
[BlackElo "1110"]
[Annotator "NA RC COMBH"]
[PlyCount "125"]
[EventDate "2022.06.05"]
[EventType "swiss"]
[EventRounds "9"]
[EventCountry "GER"]
[SourceTitle "playchess.com"]
[Source "ChessBase"]
[SourceQuality "1"]
[TimeControl "40/4500+30:900+30"]

1. d4 d5 2. c4 e6 3. Nc3 Nf6 4. Bg5 Be7 5. e3 a6 6. c5 Nc6 7. a3 b5 8. Bd3 e5 9. Nge2 e4 10. Bc2 Bd7 11. Bxf6 Bxf6 12. Nxd5 Bf5 13. Ndc3 Qe7 14. Ng3 Bg6 15. Ngxe4 b4 16. Nxf6+ Qxf6 17. Nd5 Qd8 18. Nxb4 Bxc2 19. Qxc2 Nxb4 20. axb4 Qe7 21. Qa4+ Qd7 22. Qxd7+ Kxd7 23. O-O Kc6 24. Ra5 Rhb8 25. Ra4 Kb5 26. b3 Kc6 27. Rfa1 Kd5 28. f3 f5 29. g3 g5 30. Kf2 g4 31. f4 Rb7 32. Rxa6 Rxa6 33. Rxa6 Rxb4 34. Ra3 Ke4 35. Ke2 c6 36. Kd2 Kf3 37. Kd3 Rb7 38. Kc4 Kg2 39. Ra2+ Kf3 40. Rb2 Kxe3 41. d5 cxd5+ 42. Kxd5 Rd7+ 43. Kc6 Rd4 44. b4 Kd3 45. b5 Kc3 46. Re2 Re4 47. Rf2 Kc4 48. b6 Re6+ 49. Kd7 Re3 50. c6 Kc5 51. b7 Rd3+ 52. Kc7 Rb3 53. Rc2+ Kd4 54. b8=Q Rxb8 55. Kxb8 Kd3 56. Ra2 h5 57. c7 h4 58. c8=Q h3 59. Qc2+ Ke3 60. Qd2+ Ke4 61. Ra4+ Kf3 62. Ra3+ Ke4 63. Qd3# 1-0

[Event "GER-ch Youth-ODJM 2022 A"]
[Site "Willingen"]
[Date "2022.06.09"]
[Round "7.2"]
[White "Ollhoff, Hannes"]
[Black "Direk, Oguzhan"]
[Result "1/2-1/2"]
[ECO "D31"]
[WhiteElo "1235"]
[BlackElo "1020"]
[Annotator "NA RC COMBH"]
[PlyCount "67"]
[EventDate "2022.06.05"]
[EventType "swiss"]
[EventRounds "9"]
[EventCountry "GER"]
[SourceTitle "playchess.com"]
[Source "ChessBase"]
[SourceQuality "1"]
[TimeControl "40/4500+30:900+30"]

1. d4 d5 2. c4 e6 3. Nc3 f5 4. Nf3 c6 5. Bf4 Nf6 6. e3 Be7 7. Bd3 O-O 8. O-O Nbd7 9. c5 Ne4 10. h3 b6 11. cxb6 Qxb6 12. Qc2 Rb8 13. Rab1 Ba6 14. Bxb8 Rxb8 15. Bxa6 Qxa6 16. Rfc1 c5 17. dxc5 Ndxc5 18. Nxe4 Nxe4 19. Qc7 Bd6 20. Qc6 Qxa2 21. Qc2 a5 22. b3 Qxc2 23. Rxc2 a4 24. Nd4 a3 25. Ra1 e5 26. Nxf5 Bf8 27. Rc7 Rxb3 28. Ne7+ Bxe7 29. Rxe7 Nc3 30. Ra7 a2 31. R1xa2 Nxa2 32. Rxa2 Kf7 33. Ra7+ Kf6 34. Ra6+ 1/2-1/2

[Event "GER-ch Youth-ODJM 2022 A"]
[Site "Willingen"]
[Date "2022.06.09"]
[Round "7.3"]
[White "Heß, Maxim"]
[Black "Jansen, Malte"]
[Result "0-1"]
[ECO "D05"]
[WhiteElo "1146"]
[BlackElo "1391"]
[Annotator "NA RC COMBH"]
[PlyCount "60"]
[EventDate "2022.06.05"]
[EventType "swiss"]
[EventRounds "9"]
[EventCountry "GER"]
[SourceTitle "playchess.com"]
[Source "ChessBase"]
[SourceQuality "1"]
[TimeControl "40/4500+30:900+30"]

1. d4 d5 2. e3 Nf6 3. Bd3 e6 4. Nf3 Bd6 5. O-O Nbd7 6. b3 O-O 7. Bb2 Re8 8. Ne5 b6 9. Nd2 Bb7 10. f3 Rc8 11. Qe1 Nf8 12. g4 N6d7 13. a3 Nxe5 14. dxe5 Be7 15. f4 c5 16. Rd1 Qc7 17. Qe2 Red8 18. c4 dxc4 19. Bxc4 Ng6 20. Ba6 Rd7 21. Bxb7 Qxb7 22. f5 Nh4 23. Qf2 Bg5 24. Nc4 b5 25. Nd6 Rxd6 26. exd6 Bxe3 27. d7 Bxf2+ 28. Rxf2 Rd8 29. fxe6 fxe6 30. Rdf1 Qxd7 0-1